 Dungeon Crawl Stone Soup version 0.22-a0-779-g6f83d72c62 (webtiles) character file.

66 Mirvelgyr the Chopper (level 3, -2/33 HPs)
             Began as a Minotaur Chaos Knight on July 19, 2018.
             Slain by a gnoll
             ... wielding a +0 halberd
              (12 damage)
             ... on level 2 of the Dungeon.
             The game lasted 00:01:35 (646 turns).

Mirvelgyr the Chopper (Minotaur Chaos Knight)        Turns: 646, Time: 00:01:36

Health: -2/33      AC:  5    Str: 17    XL:     3   Next: 96%
Magic:  2/2        EV: 11    Int:  9    God:    Xom [..*...]
Gold:   103        SH:  0    Dex:  9    Spells: 2/2 levels left

rFire    . . .     SeeInvis +   a - +0 hand axe (chaos)
rCold    . . .     Gourm    .   (no shield)
rNeg     . . .     Faith    .   j - +0 ring mail
rPois    .         Spirit   .   (helmet restricted)
rElec    .         Reflect  .   (no cloak)
rCorr    .         Harm     .   (no gloves)
MR       +....                  (no boots)
Stlth    ..........             (no amulet)
HPRegen  0.11/turn              e - ring of protection from magic
MPRegen  0.08/turn              k - ring of see invisible

@: no status effects
A: retaliatory headbutt, horns 2
a: Renounce Religion


You were on level 2 of the Dungeon.
You worshipped Xom.
You were a toy of Xom.
You were not hungry.

You visited 1 branch of the dungeon, and saw 2 of its levels.

You collected 103 gold pieces.

Inventory:

Hand Weapons
 a - a +0 hand axe of chaos (weapon)
Armour
 j - a +0 ring mail (worn)
Jewellery
 e - a ring of protection from magic (left hand)
 k - a ring of see invisible (right hand)
Scrolls
 f - a scroll of teleportation {unknown}
 h - a scroll of identify {unknown}
Potions
 b - a potion of lignification {unknown}
 g - a potion of flight {unknown}
 i - 2 potions of curing {unknown}
 l - a potion of haste {unknown}
Comestibles
 c - 2 rations
 d - 3 chunks of flesh


   Skills:
 + Level 4.2 Fighting
 * Level 4.6 Axes
 + Level 3.1 Armour
 + Level 2.0 Dodging


You had 2 spell levels left.
You didn't know any spells.
Your spell library was empty.

Dungeon Overview and Level Annotations

Branches:
Dungeon (2/15)

Altars:

Annotations:
D:2 Natasha


Innate Abilities, Weirdness & Mutations

You reflexively headbutt those who attack you in melee.
You have a pair of horns on your head.


Message History

The gnoll barely misses you.
You hit the gnoll.
You feel a strange surge of energy!
You kill the gnoll!
The adder bites the gnoll.
The gnoll hits you but does no damage. The gnoll barely misses you.
Natasha mumbles some strange words.
Natasha glows brightly for a moment.
The gnoll hits you with a halberd.
Things that are here:
a flail; a scroll labeled WECIDU OHO; a gnoll corpse Xom's power touches on a nearby monster.
The white imp is charmed.
The gnoll closely misses you.
The gnoll hits you from afar with a halberd!
You are too injured to fight recklessly!
You hit Natasha.
Space bends around Natasha.
Natasha is severely wounded.
Natasha claws you. The gnoll barely misses you.
Your white imp hits the gnoll.
Your white imp freezes the gnoll.
The gnoll hits you from afar with a halberd!
You die...

#.# #[.####
. #.# #..
.. #.# .##
#.# ..# #.#
#.##.#
####.#.#
#.%....#
#@##.###
#h#.##
......ggS##
.#####.5#..
....#.##
....... #
.####.# ...
..#


You could see Natasha, 2 gnolls, an adder (confused) and a friendly white imp.

Vanquished Creatures
  Jessica (D:2)
  A gnoll (D:2)
  A dart slug (D:1)
  A leopard gecko (D:1)
  A giant cockroach (D:1)
  2 goblins (D:1)
  3 hobgoblins
  4 jackals
  6 bats
  A frilled lizard (D:1)
  3 kobolds (D:1)
  3 rats (D:1)
27 creatures vanquished.

Notes
Turn   | Place    | Note
-------+----------+-------------------------------------------
     0 | D:1      | Mirvelgyr the Minotaur Chaos Knight began the quest for the Orb.
     0 | D:1      | Reached XP level 1. HP: 19/19 MP: 0/0
    40 | D:1      | XOM: potion effect (might)
    66 | D:1      | Reached XP level 2. HP: 27/27 MP: 1/1
   200 | D:1      | XOM: mild Summ miscast
   558 | D:2      | Noticed Jessica
   564 | D:2      | Killed Jessica
   564 | D:2      | Reached XP level 3. HP: 33/33 MP: 2/2
   637 | D:2      | Noticed Natasha
   645 | D:2      | XOM: enchant monster (good)
   646 | D:2      | Slain by a gnoll

Vault maps used:
D:1:      nzn_arrival_water_spiral, serial_glass, glass_columns_c,
          glass_columns_a, due_unseen_surprise
D:2:      uniq_jessica, uniq_natasha

Skill      XL: |  1  2  3 |
---------------+----------+-----
Axes           | 4 |  4.6
Fighting       | 4 |  4.2
Armour         | 3 |  3.1
Dodging        | 2 |  2.0

Action                   || total
-------------------------++-------
Melee: Hand axe          ||    44
       Headbutt          ||     8
 Stab: Confused          ||     1
Armor: Leather armour    ||    14
       Ring mail         ||     5
Dodge: Dodged            ||    39

Table legend:
 A = Spawn XP
 B = Non-spawn XP
 C = Spawn XP percentage of total XP
 D = Spawn monster count
 E = Non-spawn monster count
 F = Spawn count percentage of total count
 G = Total turns spent on level
                    A         B        C        D         E        F      G
               +---------+---------+-------+---------+---------+-------+---------
         Total |       0 |      95 |   0.0 |       0 |      27 |   0.0 |   646
               +---------+---------+-------+---------+---------+-------+---------
           D:1 |       0 |      36 |   0.0 |       0 |      21 |   0.0 |   552
           D:2 |       0 |      59 |   0.0 |       0 |       6 |   0.0 |    94
               +---------+---------+-------+---------+---------+-------+---------
